Map: Backwater LE

Players

MPereira - Winner!

  • Race: Terran Terran
  • League: Platinum
  • Spawn Location: 5:00

Kozzy

  • Race: Protoss Protoss
  • League: Gold
  • Spawn Location: 11:00

VOD

Have the link to the VOD?

Description

Time

  • Played on: April 5, 2018, 11:08 p.m.
  • Length: 4:10
Show
View Real Time Build Order
Export as new Build Order

MPereira Terran - Winner!

Build Orders:  

Get SALT Encoding   

  12  0:10  Supply Depot  
  12  0:34  Barracks  
  12  0:46  Barracks  
  12  1:01  SCV  
  13  1:10  Barracks  
  13  1:21  Marine  
  14  1:32  Marine  
  14  1:38  SCV  
  16  1:40  Marine  
  17  1:49  Supply Depot  
  17  1:50  Marine  
  18  1:58  Marine  
  19  2:04  Marine  
  19  2:08  Marine  
  21  2:16  Marine  
  21  2:22  Marine  
  23  2:26  Marine  
  24  2:34  Marine  
  25  2:39  Marine  
  25  2:44  Marine  
  27  2:51  Barracks  
  27  2:53  Marine  
  27  2:57  Marine  
  29  3:01  SCV  
  27  3:26  Marine x3  
  27  3:38  Marine  
  28  3:44  Marine x3  
Show
View Real Time Build Order
Export as new Build Order

Kozzy Protoss 

Build Orders:  

Get SALT Encoding   

  12  0:01  Probe  
  13  0:13  Probe  
  14  0:18  Pylon  
  14  0:25  Probe  
  15  0:37  Probe  
  15  0:38  Gateway  
  16  0:45  Assimilator  
  16  0:49  Probe  
  17  1:01  Probe (Chrono Boost), Assimilator  
  19  1:11  Probe (Chrono Boost)  
  19  1:16  Probe (Chrono Boost)  
  20  1:25  Cybernetics Core  
  20  1:29  Pylon  
  21  1:32  Probe (Chrono Boost)  
  21  1:42  Probe (Chrono Boost)  
  22  2:04  Shield Battery  
  22  2:07  Stalker (Chrono Boost)  
  22  2:10  Warp Gate  
  22  2:13  Gateway  
  24  2:18  Shield Battery  
  24  2:23  Pylon  
  23  2:36  Stalker  
  25  2:46  Shield Battery  
  24  2:56  Gateway  
  24  3:05  Probe  
  27  3:09  Stalker (Chrono Boost)  
  27  3:15  Stalker (Chrono Boost)  
  27  3:32  Pylon, Stalker (Chrono Boost)  
  23  3:49  Pylon  
Tags
 
Add a new tag
Caveats
  • Supply blocks, unpowered buildings, or Contaminate may cause inaccurate times.
  • Supply counts are checked every 10 seconds.